 Dungeon Crawl Stone Soup version 0.32-a0-886-g41c5271027 (webtiles) character file.

Game seed: 6000079305142993286

1146 DEFE the Skirmisher (level 8, 58/58 HPs)
             Began as a Coglin Fighter on Apr 2, 2024.
             Was an Initiate of Okawaru.
             Quit the game on level 5 of the Dungeon.
             The game lasted 00:06:01 (6130 turns).

DEFE the Skirmisher (Coglin Fighter)                Turns: 6130, Time: 00:06:01

Health: 58/58      AC: 13    Str: 17    XL:     8   Next: 38%
Magic:  9/9        EV:  8    Int:  7    God:    Okawaru [......]
Gold:   265        SH:  0    Dex: 16    Spells: 7/7 levels left

rFire   + . .        n - +3 Elemental Staff {ele, rElec rF+ rC+ AC+3}
rCold   + . .        u - +0 dagger (venom) {Izel}
rNeg    . . .        z - +2 scale mail {Will+}
rPois   .            (no helmet)
rElec   +            s - +0 cloak
rCorr   .            C - +0 pair of gloves
SInv    .            (no boots)
Will    +....        (amulet unavailable) Stlth
                     (ring unavailable)
HPRegen 0.29/turn    (ring unavailable)
MPRegen 0.11/turn    (no gizmo)

%: no passive effects
@: no status effects
A: off-hand wielding, slow wielding, warmup strikes, no jewellery
a: Invent Gizmo, Renounce Religion


You were on level 5 of the Dungeon.
You worshipped Okawaru.
Okawaru was noncommittal.
You visited 1 branch of the dungeon, and saw 5 of its levels.

You collected 337 gold pieces.
You spent 72 gold pieces at shops.

Inventory:

Hand Weapons
 a - a +0 war axe {Liesl}
 n - the +3 Elemental Staff (weapon) {ele, rElec rF+ rC+ AC+3}
   (You acquired it on level 5 of the Dungeon)

   AC+3:      It affects your AC (+3).
   rF+:       It protects you from fire.
   rC+:       It protects you from cold.
   rElec:     It insulates you from electricity.
 o - a +2 short sword of holy wrath {Leticia}
 p - a +0 sling
 q - a +1 dagger of speed {Surjit}
 u - a +0 dagger of venom (offhand) {Izel}
Armour
 b - a +0 scale mail
 c - a +0 buckler
 s - a +0 cloak (worn)
 x - a scarf of shadows
 z - a +2 scale mail of willpower (worn)
 C - a +0 pair of gloves (worn)
Wands
 l - a wand of iceblast (6)
Scrolls
 h - 2 scrolls of revelation
 i - 3 scrolls of fear
 k - a scroll of enchant weapon {unknown}
 m - a scroll of summoning
 r - a scroll of noise {unknown}
 v - a scroll of poison {unknown}
 y - a scroll of blinking {unknown}
 A - a scroll of immolation {unknown}
 B - a scroll of teleportation {unknown}
 D - a scroll of identify
Potions
 d - 4 potions of might
 e - 5 potions of heal wounds
 f - 2 potions of mutation
 g - 5 potions of curing
 j - 2 potions of berserk rage {unknown}
 t - a potion of lignification
 w - a potion of cancellation {unknown}


   Skills:
 - Level 3.0 Fighting
 - Level 3.4 Axes
 + Level 8.1 Ranged Weapons
 - Level 2.6 Armour
 - Level 2.1 Shields
 + Level 1.5 Invocations


You had 7 spell levels left.
You didn't know any spells.
Your spell library contained the following spells:

 Spells                   Type           Power      Damage    Failure   Level
 Foxfire                  Conj/Fire      0%         2x1d4     83%         1
 Cigotuvi's Dreadful Rot  Necr/Alch/Air  0%         N/A       93%         2
 Sigil of Binding         Hex            0%         N/A       99%         3
 Dispel Undead            Necr           0%         3d6       100%        4
 Martyr's Knell           Necr/Summ      Unusable   N/A       N/A         4
 Death Channel            Necr           Unusable   N/A       N/A         6
 Sculpt Simulacrum        Ice/Alch       Unusable   N/A       N/A         6
 Haunt                    Necr/Summ      Unusable   N/A       N/A         7
 Summon Hydra             Summ           Unusable   N/A       N/A         7

Dungeon Overview and Level Annotations

Branches:
Dungeon (5/15)
 Temple: D:4-7

Altars:
Okawaru
Vehumet
Xom

Shops:
D:2 ?   D:4 :


Innate Abilities, Weirdness & Mutations

You can wield a second weapon in your off-hand.
It takes a long time for you to wield or remove held weapons.
Your first few attacks do less damage.
You cannot equip rings or amulets.


Message History

With a horrendous wail, an alarm goes off!
A sentinel's mark forms upon you.
No target in view!
Unknown command.
Unknown command.
No target in view!
You start waiting.
The sentinel's mark upon you fades away.
Unknown command.
You start waiting.
You start waiting.
Done waiting.
You open the door.
There is an open door here.
There is an open door here.
Key pressed, stopping explore.
Done exploring.
Unknown command.
Done exploring.
Done exploring.
Something appears at your feet!
n - the +3 Elemental Staff {ele, rElec rF+ rC+ AC+3} You're wielding all the weapons you can.
Replace which one? (? for menu, Esc to cancel) < or
q - a +1 dagger of speed {Surjit}; > or
u - a +0 dagger of venom {Izel} You're wielding all the weapons you can.
Replace which one? (? for menu, Esc to cancel) < or
q - a +1 dagger of speed {Surjit}; > or
u - a +0 dagger of venom {Izel} You start parting from your weapon.
You continue parting from your +1 dagger of speed {Surjit}. x4
You whisper farewell to Surjit.
You finish parting from your +1 dagger of speed {Surjit}.
You start attuning to your weapon.
You continue attuning to the +3 Elemental Staff {ele, rElec rF+ rC+ AC+3}. x5
You finish attuning to the +3 Elemental Staff {ele, rElec rF+ rC+ AC+3}.
You welcome the +3 Elemental Staff into your grasp.
No target in view!
Unknown command.
Okay, then.
Are you sure you want to abandon this character and quit the game? (Confirm with "yes".)

#........# ##..#####.#.
#.###.##.#######...## #.##
#.# #.##.#..........####.#
#.# #.##.#.#..........##.#
#.#
#.##.#.#.###...##.##.##
#.# #........#
#.#.##...... #.#
####.#.### #.#.......##
#.######.#.#####.#########
#........#@......#
##################


There were no monsters in sight!

Vanquished Creatures
  Sigmund (D:3)
  A centaur (D:5)
  An ogre (D:5)
  A phantom (D:5)
  2 scorpions (D:5)
  A jelly (D:5)
  4 hounds
  2 iguanas (D:5)
  A sleepcap (D:5)
  Ijyb (D:2)
  4 orc wizards
  13 gnolls
  5 adders
  A dart slug (D:3)
  4 ribbon worms
  10 orcs
  5 bats
  6 endoplasms
  3 giant cockroaches
  A goblin (D:1)
  8 hobgoblins
  6 jackals
  3 quokkas
  9 ball pythons
  A frilled lizard (D:2)
  11 kobolds
  7 rats
112 creatures vanquished.

Vanquished Creatures (others)
  A hound (D:3)
  An adder (D:3)
  A ribbon worm (D:3)
  A hobgoblin (D:3)
4 creatures vanquished.

Grand Total: 116 creatures vanquished

Notes
Turn   | Place    | Note
-------+----------+-------------------------------------------
     0 | D:1      | DEFE the Coglin Fighter began the quest for the Orb.
     0 | D:1      | Reached XP level 1. HP: 18/18 MP: 1/1
   133 | D:1      | Found a faded altar of an unknown god.
   227 | D:1      | Reached XP level 2. HP: 20/24 MP: 2/2
  1132 | D:2      | Reached XP level 3. HP: 29/29 MP: 3/3
  1216 | D:2      | Found The Oracle's Delphic Readings.
  1221 | D:2      | Bought a scroll of identify for 24 gold pieces
  1221 | D:2      | Bought a scroll of fear for 48 gold pieces
  1222 | D:2      | Identified a scroll of acquirement
  1248 | D:2      | Reached skill level 1 in Ranged Weapons
  1569 | D:2      | Reached skill level 2 in Ranged Weapons
  1569 | D:2      | Reached XP level 4. HP: 18/35 MP: 4/4
  1999 | D:3      | Noticed Ijyb
  2190 | D:2      | Killed Ijyb
  2191 | D:2      | Reached skill level 3 in Ranged Weapons
  2191 | D:2      | Reached XP level 5. HP: 25/41 MP: 5/5
  2459 | D:3      | Got the Directory of Cooperative Percussion
  2898 | D:3      | Found a shimmering altar of Xom.
  3060 | D:3      | Noticed Sigmund
  3071 | D:3      | Killed Sigmund
  3072 | D:3      | Reached skill level 5 in Ranged Weapons
  3072 | D:3      | Reached XP level 6. HP: 44/47 MP: 6/6
  3858 | D:4      | Reached XP level 7. HP: 39/52 MP: 7/7
  3866 | D:4      | Found Yttynyll's Book Emporium.
  4010 | D:4      | Reached skill level 6 in Ranged Weapons
  4489 | D:4      | Found a radiant altar of Vehumet.
  4628 | D:5      | Entered Level 5 of the Dungeon
  4810 | D:5      | Reached skill level 7 in Ranged Weapons
  5004 | D:5      | Reached XP level 8. HP: 47/58 MP: 8/8
  5221 | D:5      | Found an iron altar of Okawaru.
  5263 | D:5      | Became a worshipper of Warmaster Okawaru
  5617 | D:5      | Reached skill level 8 in Ranged Weapons
  5617 | D:5      | Reached skill level 1 in Invocations
  6118 | D:5      | Acquired the +3 Elemental Staff {ele, rElec rF+ rC+ AC+3}
  6118 | D:5      | Found the +3 Elemental Staff {ele, rElec rF+ rC+ AC+3}
  6130 | D:5      | Quit the game

Illustrated notes

Levels and vault maps discovered:
D:1:      dpeg_arrival_tiny_c, layout_basic, dreamdust_ecumenical_altar_grove
D:2:      layout_rooms, minmay_misc_feat_encased, nicolae_nh_oracle_at_delphi
D:3:      layout_basic, xom_confusion_cloud, uniq_sigmund, uniq_ijyb
D:4:      layout_rooms, lemuel_coloured_pillars_altar, serial_shops,
          nicolae_book_shop_shelving
D:5:      layout_loops_corners, mainiacjoe_overflow_cross_hatched,
          kennysheep_boxes

Skill      XL: |  1  2  3  4  5  6  7  8 |
---------------+-------------------------+-----
Axes           | 3 |  3.4
Ranged Weapons | 2 3 5 7 8 |  8.1
Invocations    | 1 |  1.5
Fighting       | |  3.0
Armour         | |  2.6
Shields        | |  2.1

Action                     |  1- 3 |  4- 6 |  7- 9 || total
---------------------------+-------+-------+-------++-------
  Melee: War axe           |   116 |    22 |       ||   138
         Dagger            |       |   225 |   347 ||   572
         Short sword       |       |    43 |       ||    43
    Use: Scroll            |     3 |     1 |     4 ||     8
         Potion            |       |     2 |       ||     2
 Armour: Scale mail        |   102 |   120 |   140 ||   362
  Dodge: Dodged            |    51 |    53 |    71 ||   175
  Block: Buckler           |    35 |     2 |       ||    37

Table legend: (Time is in decaauts)
 A = Elapsed time spent in this place.
 B = Non-inter-level travel time spent in this place.
 C = Inter-level travel time spent in this place.
 D = Time resting spent in this place.
 E = Time spent auto-exploring this place.
 F = Levels seen in this place.
 G = Mean time per level.
                   A        B        C        D        E       F      G
               +--------+--------+--------+--------+--------+-----+--------+
         Total |   6134 |   5944 |    190 |   1468 |   3405 |   5 | 1226.8 |
       Dungeon |   6134 |   5944 |    190 |   1468 |   3405 |   5 | 1226.8 |
               +--------+--------+--------+--------+--------+-----+--------+

Top non-repeatable levels by time:
     D:5: 1485 daAuts
     D:2: 1423 daAuts
     D:3: 1318 daAuts
     D:1: 1046 daAuts
     D:4: 860 daAuts
